 Dungeon Crawl Stone Soup version 0.19-a0-934-gf1df8d1 (webtiles) character file.

1127 Duffy the Grappler (level 8, -12/48 HPs)
             Began as a Gargoyle Transmuter on July 7, 2016.
             Was a Believer of Makhleb.
             Mangled by a hill giant
             ... wielding a +0 giant club
              (20 damage)
             ... on level 6 of the Dungeon.
             The game lasted 00:08:42 (6027 turns).

Duffy the Grappler (Gargoyle Transmuter)            Turns: 6027, Time: 00:08:42

Health: -12/48     AC:  2    Str: 18    XL:     8   Next: 35%
Magic:  8/11       EV: 19    Int: 14    God:    Makhleb [**....]
Gold:   298        SH:  0    Dex: 16    Spells: 3 memorised, 5 levels left

rFire  . . .     SeeInvis .       - Unarmed
rCold  + . .     Gourm    .     (armour currently unavailable)
rNeg   + . .     Faith    .     (shield currently unavailable)
rPois  ∞         Spirit   .     (helmet currently unavailable)
rElec  .         Dismiss  .     (cloak currently unavailable)
rCorr  .         Reflect  .     (gloves currently unavailable)
SustAt .         Harm     .     (boots currently unavailable)
MR     .....                    I - amulet of rage
Stlth  +.........               z - ring of protection from cold
                                y - +3 ring of strength

@: spider-form, not resistant to hostile enchantments, very unstealthy
A: negative energy resistance 1, (electricity resistance), (unbreathing),
petrification resistance, rot immunity, AC +5
a: End Transformation, Minor Destruction, Renounce Religion, Evoke Berserk Rage


You were on level 6 of the Dungeon.
You worshipped Makhleb.
Makhleb was pleased with you.
You were not hungry.
You were a venomous arachnid creature.
You visited 1 branch of the dungeon, and saw 6 of its levels.

You collected 298 gold pieces.


Innate Abilities, Weirdness & Mutations

You are resistant to torment.
((Your stone body is resilient. (AC +5)))
You are immune to poison.
You resist negative energy. (rN+)
((You are resistant to electric shocks. (rElec)))
((You can survive without breathing.))
You are immune to petrification.
You are immune to rotting.


   Skills:
 + Level 4.4 Fighting
 - Level 2.0 Dodging
 + Level 8.4 Unarmed Combat
 - Level 2.0 Spellcasting
 - Level 2.2 Transmutations
 - Level 2.4 Poison Magic


You had 5 spell levels left.
You knew the following spells:

 Your Spells              Type           Power        Failure   Level  Hunger
a - Spider Form           Tmut/Pois      #.........   52%         3    ####...
b - Sticks to Snakes      Tmut           #.......     36%         2    ###....
c - Beastly Appendage     Tmut           #.....       28%         1    ##.....

Inventory:

Hand Weapons
 g - a +0 blowgun
Missiles
 a - 51 arrows
 t - 70 poisoned needles
 D - 5 tomahawks (quivered)
Armour
 e - a +2 hat (melded)
 j - a +1 scale mail of cold resistance
 w - a +2 robe of the Archmagi (melded)
 E - a +0 chain mail of poison resistance
 H - a +0 leather armour of positive energy
Jewellery
 y - a +3 ring of strength (left front leg)
 z - a ring of protection from cold (right front leg)
 I - an amulet of rage (around neck)
Wands
 x - a wand of hasting (9/9)
Scrolls
 f - a scroll of remove curse
 i - a scroll of enchant weapon {unknown}
 k - a scroll of immolation {unknown}
 l - a scroll of magic mapping {unknown}
 p - a scroll of teleportation {unknown}
 s - a scroll of amnesia {unknown}
 v - a scroll of recharging
 G - a scroll of torment {unknown}
Potions
 h - 3 potions of might
 m - a potion of haste
 o - 3 potions of curing
 r - 2 potions of flight
 C - a potion of lignification
 F - a potion of heal wounds
Books
 c - a book of Changes
 B - a book of Enchantments
Comestibles
 d - 6 bread rations
 q - 11 fruits
 u - 2 beef jerkies
 A - a meat ration
 J - 2 chunks of flesh

Dungeon Overview and Level Annotations

Branches:
Dungeon (6/15)             Temple (0/1) D:5

Altars:
Cheibriados
Dithmenos
Elyvilon
Fedhas
Kikubaaqudgha
Makhleb
Okawaru
Sif Muna
Uskayaw
Yredelemnul

Shops:
D:5 =}}


Message History

Okay, then.
Okay, then.
There is a stone staircase leading down here.
You climb downwards.
There is a stone staircase leading up here.
A hill giant comes into view. It is wielding a giant club.
The hill giant shouts!
The hill giant moves out of view.
A giant newt comes into view.
You miss the giant newt.
The giant newt hisses angrily.
An adder comes into view.
You punch the giant newt!
You kill the giant newt!
Makhleb accepts your kill.
The adder moves out of view.
No target in view!
No target in view!
No target in view!
No target in view!
No target in view!
No target in view!
No target in view!
No target in view!
No target in view!
No target in view!
No target in view!
No target in view!
No target in view!
No target in view!
No target in view!
No target in view!
No target in view!
The hill giant hits you with a giant club!!
Cast which spell? (? or * to list)
You feel a surge of power!
You turn into a venomous arachnid creature.
Your +2 hat melds into your body.
Your +2 robe of the Archmagi melds into your body.
You feel strangely numb. The hill giant closely misses you.
You bite the hill giant!
The hill giant is poisoned.
The hill giant is moderately wounded.
The hill giant hits you with a giant club!!
You bite the hill giant!
The hill giant looks as sick as possible!
The hill giant is heavily wounded.
You hit the hill giant.
The hill giant is severely wounded.
The hill giant hits you with a giant club!!
You die...

#....#
#....#
#...<#
#....#
#..#.#
#####.#
#...#.#
#S#.#
#.#s#
#.C.#
#####
.......
########..
#.# .


You could see a hill giant.

Action                   |  1- 3 |  4- 6 |  7- 9 || total
-------------------------+-------+-------+-------++-------
Melee: Unarmed           |    99 |   266 |   111 ||   476
       Punch             |     2 |       |     6 ||     8
 Cast: Spider Form       |     3 |     9 |     3 ||    15
  Use: Scroll            |       |     7 |     3 ||    10
       Potion            |       |       |     1 ||     1
 Stab: Sleeping          |       |     2 |       ||     2
  Eat: Chunk             |     1 |    11 |     5 ||    17
       Beef jerky        |       |     1 |       ||     1
Armor: Robe              |    35 |   100 |    23 ||   158
       Skin              |     4 |       |     3 ||     7
Dodge: Dodged            |    62 |   173 |    51 ||   286

Notes
Turn   | Place    | Note
-------+----------+-------------------------------------------
     0 | D:1      | Duffy the Gargoyle Transmuter began the quest for the Orb.
     0 | D:1      | Reached XP level 1. HP: 12/12 MP: 3/3
   148 | D:1      | Reached XP level 2. HP: 15/16 MP: 5/5
   162 | D:1      | Learned a level 2 spell: Sticks to Snakes
   609 | D:2      | Found an iron altar of Okawaru.
   620 | D:2      | Reached skill level 2 in Transmutations
   881 | D:2      | Reached XP level 3. HP: 20/20 MP: 6/6
   886 | D:2      | Learned a level 3 spell: Spider Form
  1035 | D:2      | Noticed Robin
  1075 | D:2      | Killed Robin
  1075 | D:2      | Reached skill level 1 in Poison Magic
  1732 | D:2      | Reached skill level 4 in Unarmed Combat
  1778 | D:2      | Reached XP level 4. HP: 25/25 MP: 7/7
  2202 | D:2      | Found a blossoming altar of Fedhas.
  2288 | D:2      | Noticed Natasha
  2298 | D:2      | Killed Natasha
  2298 | D:2      | Reached skill level 2 in Poison Magic
  2339 | D:2      | Reached XP level 5. HP: 29/29 MP: 8/8
  2515 | D:2      | Noticed Natasha
  2528 | D:2      | Killed Natasha
  2611 | D:2      | Found a deep blue altar of Sif Muna.
  2680 | D:3      | Found a burning altar of Makhleb.
  2950 | D:3      | Became a worshipper of Makhleb the Destroyer
  3144 | D:3      | Reached skill level 2 in Dodging
  3371 | D:3      | Noticed Terence
  3377 | D:3      | Killed Terence
  3377 | D:3      | Reached skill level 5 in Unarmed Combat
  3377 | D:3      | Reached XP level 6. HP: 27/34 MP: 6/9
  4055 | D:4      | Found a hide-covered altar of Uskayaw.
  4346 | D:4      | Reached * piety under Makhleb
  4346 | D:4      | Reached skill level 6 in Unarmed Combat
  4388 | D:4      | Noticed a phantom
  4594 | D:4      | Killed a phantom
  4594 | D:4      | Reached XP level 7. HP: 21/38 MP: 10/10
  4822 | D:4      | Reached skill level 7 in Unarmed Combat
  4988 | D:4      | Found an ancient bone altar of Kikubaaqudgha.
  5155 | D:5      | Entered Level 5 of the Dungeon
  5163 | D:5      | Reached skill level 2 in Fighting
  5237 | D:5      | Found a staircase to the Ecumenical Temple.
  5296 | D:5      | Reached skill level 3 in Fighting
  5296 | D:5      | Reached XP level 8. HP: 29/46 MP: 9/11
  5557 | D:5      | Reached skill level 8 in Unarmed Combat
  5571 | D:5      | Found a white marble altar of Elyvilon.
  5645 | D:5      | Found Mosuboaq's Gadget Shop.
  5646 | D:5      | Found Qinlagust's Jewellery Shoppe.
  5647 | D:5      | Found Ciosuoz's Gadget Shop.
  5703 | D:5      | Found a shadowy altar of Dithmenos.
  5755 | D:5      | Noticed Duvessa
  5756 | D:5      | Noticed Dowan
  5766 | D:5      | Killed Duvessa
  5766 | D:5      | Reached skill level 4 in Fighting
  5768 | D:5      | Killed Dowan
  5804 | D:5      | Reached ** piety under Makhleb
  5831 | D:5      | Found a snail-covered altar of Cheibriados.
  5936 | D:5      | Found a basalt altar of Yredelemnul.
  6013 | D:6      | Noticed a hill giant
  6027 | D:6      | Mangled by a hill giant

Skill      XL: |  1  2  3  4  5  6  7  8 |
---------------+-------------------------+-----
Transmutations | 2 |  2.2
Poison Magic   | 1 2 |  2.4
Unarmed Combat | 4 5 6 7 8 |  8.4
Dodging        | 2 |  2.0
Fighting       | 3 4 |  4.4
Spellcasting   | |  2.0

Vault maps used:
D:1:      scummos_arrival_simple_crosswalls
D:2:      okawaru_metal_pillars_1_2, lemuel_round_altar, fedhas_altar_1,
          uniq_robin, uniq_natasha
D:3:      kb_forest_paths, bloody_makhleb, uniq_terence
D:4:      eat_drink_and_be_merry_uskayaw, kennysheep_mini, first_bread
D:5:      minmay_shop_grove, grunt_dithmenos_smoke,
          yredelemnul_forgotten_temple_becter, nicolae_overflow_hidden_temple,
          elyvilon_altar_5, uniq_duvessa
D:6:      serial_co_window_serial, co_window_paths_b,
          co_window_of_opportunity_a, co_window_corner_a, co_window_paths_a,
          co_window_of_opportunity_a, co_window_of_opportunity_a,
          co_window_corner_a, co_window_of_opportunity_b, co_window_cross_4,
          co_window_cross_4, co_window_of_opportunity_b,
          co_window_unsneaky_path_e, co_window_paths_e, co_window_4corner_a,
          glass_columns_a, glass_columns_a, glass_columns_c, glass_columns_b,
          minmay_misc_feat_more_columns

Vanquished Creatures
  Duvessa
  A phantom
  3 ogres
  A giant frog Dowan
  A scorpion
  A centaur zombie
  5 orc wizards
  Natasha (twice)
  3 worker ants Terence
  A hound zombie Robin
  12 adders
  An adder skeleton
  6 worms
  5 giant geckos
  7 orcs
  4 ball pythons
  10 bats
  3 giant cockroaches
  10 goblins
  3 hobgoblins
  2 jackals
  5 kobolds
  A quokka
  A giant gecko skeleton
  3 giant newts
  7 rats
  A spectral orc
103 creatures vanquished.
